Map: Frozen Temple

Players

GAMETIME

  • Race: Zerg Zerg
  • League: Grandmaster

Pokebunny - Winner!

  • Race: Terran Terran
  • League: Grandmaster

VOD

Have the link to the VOD?

Description

Time

  • Played on: April 7, 2016, 9:47 a.m.
  • Length: 9:25
Show
View Real Time Build Order
Export as new Build Order

GAMETIME Zerg 

Build Orders: Hatch First, Muta Ling Bane 

Get SALT Encoding   

  12  0:01  Drone  
  13  0:08  Drone  
  14  0:17  Overlord  
  14  0:22  Extractor  
  14  0:24  Drone  
  15  0:35  Drone  
  15  0:36  Drone  
  17  0:53  Hatchery  
  16  0:58  Drone  
  16  0:59  Drone  
  18  1:08  Extractor  
  17  1:16  Spawning Pool  
  17  1:18  Drone  
  17  1:22  Drone  
  18  1:28  Drone  
  19  1:42  Overlord  
  19  2:02  Queen  
  19  2:03  Zergling x4  
  19  2:04  Queen  
  19  2:05  Zergling x2  
  26  2:11  Metabolic Boost  
  26  2:12  Drone  
  27  2:16  Drone  
  27  2:21  Drone  
  29  2:26  Drone  
  30  2:36  Drone  
  31  2:42  Queen  
  31  2:43  Overlord  
  33  2:44  Drone  
  34  2:51  Lair  
  34  2:56  Drone x2  
  36  3:01  Overlord  
  36  3:04  Drone  
  37  3:09  Drone  
  37  3:10  Drone  
  37  3:11  Drone  
  40  3:17  Drone  
  40  3:18  Drone x2  
  42  3:20  Drone  
  42  3:24  Extractor  
  42  3:25  Drone  
  43  3:30  Overlord  
  43  3:31  Drone  
  44  3:38  Overlord  
  44  3:40  Drone  
  43  3:56  Drone x8  
  43  3:58  Extractor  
  43  3:59  Extractor  
  49  4:05  Spire  
  49  4:06  Overlord  
  49  4:07  Zergling x2  
  49  4:21  Drone  
  49  4:22  Drone  
  51  4:26  Drone  
  51  4:27  Overlord  
  51  4:28  Zergling x2, Hatchery  
  52  4:33  Overlord  
  52  4:34  Zergling x2  
  53  4:45  Drone x3  
  56  4:49  Baneling Nest  
  55  4:56  Zergling x2  
  55  4:57  Zergling x10  
  55  4:58  Zergling x2  
  55  4:59  Zergling x4  
  63  5:05  Zergling x2  
  64  5:11  Overlord  
  64  5:17  Mutalisk  
  66  5:22  Mutalisk  
  66  5:23  Mutalisk x2  
  66  5:24  Mutalisk  
  66  5:26  Mutalisk  
  76  5:29  Overlord x3  
  76  5:33  Mutalisk  
  78  5:41  Mutalisk  
  80  5:43  Baneling  
  80  5:44  Baneling  
  80  5:46  Baneling x2  
  80  5:48  Mutalisk  
  82  5:59  Mutalisk  
  82  6:02  Zergling x4  
  74  6:12  Zergling x4  
  74  6:13  Zergling x8  
  74  6:15  Mutalisk  
  74  6:16  Zergling x2  
  81  6:24  Zergling x2  
  81  6:25  Burrow  
  82  6:26  Mutalisk  
  79  6:38  Mutalisk  
  69  6:45  Mutalisk  
  64  6:50  Queen  
  64  6:51  Zergling x2  
  64  6:52  Zergling x14  
  72  6:58  Mutalisk  
  72  7:01  Hatchery  
  73  7:10  Mutalisk  
  75  7:21  Zergling x6  
  75  7:22  Baneling x2  
  78  7:23  Baneling  
  78  7:25  Queen, Centrifical Hooks  
  78  7:27  Baneling  
  80  7:34  Zergling x6  
  80  7:36  Queen  
  85  7:38  Hatchery  
  85  7:41  Overlord  
  85  7:44  Overlord  
  84  7:48  Overlord x2  
  84  7:50  Baneling x10  
  84  7:51  Zergling x2  
  85  7:55  Overlord  
  85  7:56  Overlord  
  85  8:07  Zergling x4  
  85  8:08  Zergling x4  
  85  8:10  Zergling x2  
  91  8:12  Zergling x2  
  91  8:15  Zergling x2  
  91  8:17  Zergling x6  
  84  8:27  Zergling x2  
  84  8:28  Zergling x4  
  84  8:33  Mutalisk x2  
  75  8:34  Mutalisk x2  
  75  8:36  Zergling x2, Baneling  
  83  8:41  Zergling x2  
  83  8:44  Zergling x2  
  80  8:52  Zergling x4  
  80  8:54  Mutalisk  
  80  8:55  Mutalisk  
  83  8:56  Zergling x2  
  83  9:00  Zergling x2  
Show
View Real Time Build Order
Export as new Build Order

Pokebunny Terran - Winner!

Build Orders: Reaper Expand, MMM Bio 

Get SALT Encoding   

  12  0:00  SCV  
  13  0:13  SCV  
  14  0:17  Supply Depot  
  14  0:25  SCV  
  15  0:39  SCV  
  15  0:40  Barracks  
  16  0:44  Refinery  
  16  0:51  SCV  
  17  1:03  SCV  
  18  1:15  SCV  
  19  1:27  Reaper  
  19  1:28  Orbital Command  
  20  1:39  Command Center  
  20  1:53  SCV  
  21  1:54  Supply Depot  
  21  1:59  Barracks Reactor  
  21  2:04  Barracks  
  21  2:05  SCV  
  22  2:18  SCV  
  23  2:23  Barracks  
  23  2:26  Refinery  
  23  2:36  Marine x2  
  25  2:37  SCV  
  26  2:46  Factory  
  26  2:49  SCV  
  26  2:52  Barracks Tech Lab  
  26  2:54  Orbital Command  
  26  2:56  Marine  
  26  2:58  Marine  
  27  3:04  SCV  
  29  3:10  Marine  
  29  3:12  Stimpack  
  30  3:15  Marine  
  31  3:22  SCV  
  31  3:23  SCV  
  33  3:30  Starport  
  33  3:31  Factory Reactor  
  33  3:36  Marine x2  
  35  3:44  SCV x2  
  35  3:48  Marine  
  37  4:00  Marine x2, SCV x2  
  37  4:01  Supply Depot  
  42  4:05  Marine  
  42  4:09  Supply Depot  
  43  4:14  Factory Tech Lab  
  42  4:17  Medivac x2  
  42  4:22  Marine x3, SCV  
  42  4:23  Marine, SCV  
  52  4:27  Engineering Bay  
  52  4:36  Siege Tank  
  55  4:40  SCV x2  
  55  4:45  Marine x3  
  59  4:51  Barracks Reactor  
  60  4:53  SCV x2  
  60  4:54  Refinery, Supply Depot  
  62  5:00  Supply Depot, Terran Infantry Weapons Level 1  
  62  5:16  Marine x3, SCV x2  
  67  5:29  Marine  
  67  5:30  Marine  
  67  5:32  Combat Shields  
  67  5:34  SCV x2  
  67  5:35  Barracks  
  71  5:37  Barracks, Siege Tank  
  74  5:50  Marine  
  74  5:51  Marine x3  
  78  5:58  Marine  
  78  6:02  Medivac  
  78  6:05  Supply Depot x2  
  78  6:07  SCV x2  
  78  6:10  Medivac  
  78  6:17  Supply Depot  
  77  6:27  Siege Tank  
  71  6:43  Marine  
  63  6:49  Marine x6  
  67  6:56  Command Center  
  67  7:00  Marine  
  68  7:03  Siege Tank, SCV x2  
  68  7:07  Marine x6  
  73  7:14  Missile Turret  
  73  7:15  Missile Turret  
  73  7:18  Marine  
  74  7:24  Marine  
  74  7:25  Marine  
  74  7:26  Refinery, Marine x4  
  74  7:28  Terran Infantry Armor Level 1  
  80  7:35  SCV x2  
  82  7:37  Marine  
  82  7:39  Supply Depot  
  82  7:42  Siege Tank, Marine  
  82  7:43  Marine x2  
  89  7:44  Missile Turret  
  89  7:48  Marine x3  
  92  7:55  Marine  
  93  8:00  Marine  
  93  8:01  Marine x2  
  93  8:02  Supply Depot  
  93  8:04  Supply Depot  
  96  8:06  Marine x2  
  96  8:08  Medivac x2  
  102  8:12  Orbital Command  
  102  8:14  Siege Tank  
  102  8:15  SCV  
  102  8:16  SCV  
  102  8:17  Supply Depot  
  98  8:40  Marine  
  98  8:41  Marine x6  
  102  8:47  Siege Tank  
  108  8:50  Orbital Command  
  108  8:58  Marine  
  108  8:59  Marine x5  
Tags
 
Add a new tag
Caveats
  • Supply blocks, unpowered buildings, or Contaminate may cause inaccurate times.
  • Supply counts are checked every 10 seconds.